AoeStats
← Tschab

Four Lakes

507939641Analyzed
1v1 RM · 14d ago on Sep 20, 2026· 27m 3s· 2 players
Game mode
Random Map
Map size
Tiny (2 player)
Population
200
Speed
Normal
Resources
Standard
Victory
Conquest
Starting age
Dark Age
Ending age
Imperial Age
RankedLock teamsTeams togetherTeam positionsShared explorationLock speedFull tech treeHidden civsTurbo modeCheats
Victory
Defeat
🇩🇪 Aztecs · Germany
1458
+14
🇨🇭 Teutons · Switzerland
1404
-14
MAO28
7:57 Loom
10:48 Feudal Age
14:45 Castle Age
13:39 Double-Bit Axe
13:46 Gold Mining
15:46 Scale Mail Armor
17:35 Horse Collar
20:46 Fletching
22:27 Crossbowman
22:53 Pikeman
24:05 Padded Archer Armor
24:40 Bodkin Arrow
25:12 Ballistics
Tschab
10:45 Feudal Age
14:31 Castle Age
13:02 Double-Bit Axe
13:09 Horse Collar
13:20 Fishing Lines
15:37 Bow Saw
17:34 Medium Warships
18:16 Wheelbarrow
21:30 Forging
24:58 Scale Barding Armor
25:50 Iron Casting
25:26 Bloodlines
Connection lost

Rejoining the realm…

Still unreachable

The connection could not be restored.

Session expired

The server has moved on; the page needs a fresh start.